Cogmind - Beta 14 @@@ ROGUE MODE // 2024.09.07 @ 21:29:25 Player: Lunace Result: Destroyed by P-80 Master with Gamma Rifle Performance ------------- Evolutions (7) 3500 Regions Visited (19) 3800 Robots Destroyed (202) 1010 Value Destroyed (10060) 10060 Prototype IDs (78) 1560 Alien Tech Used (7) 1400 Bonus (15694) 15694 TOTAL SCORE: 37024 Bonus ------- High Alert Combat Kills 1872 Follower Combat Kills 1379 Network Hubs Disabled 400 Registered with UFD 300 Met Zhirov 300 Met R17 at Cetus 500 Found Hidden Lab 3000 Used Core Reset Matrix 3000 Met R17 at Research 2000 Pursued by Intercept 1000 Acquired SGEMP 2000 Friendly Fire -57 Cogmind --------- Core Integrity 0/1300 Matter 172/300 Energy 279/340 System Corruption 21% Temperature Cool (0) Movement Rolling (130) Ox2 Location -3/Testing Parts ------- > --- POWER (4) -------- Particle Reactor > --- PROPULSION (6) --- High-density Centrium Wheel > --- UTILITY (9) ------ Large Storage Unit Advanced Target Analyzer Experimental Hacking Suite > --- WEAPON (3) ------- Hypervelocity EM Gauss Rifle > --- INVENTORY (15) --- Improved Antigrav System Experimental Terrain Scanner Improved Force Field Compact HERF Cannon Gamma Bomb Array SGEMP Prototype Peak State ------------ > --- POWER ------------ Antimatter Reactor Antimatter Reactor Quantum Reactor Zero-point Reactor > --- PROPULSION ------- Myomer Leg Myomer Leg Advanced Myomer Leg Advanced Myomer Leg Enhanced Biometal Leg Enhanced Biometal Leg > --- UTILITY ---------- Coolant Network Large Storage Unit Deep Network Scanner Experimental System Shield Long-range Tractor Beam LC Capacitor > --- WEAPON ----------- Hypervelocity EM Gauss Rifle Potential Cannon > --- INVENTORY -------- Experimental Cooling System Experimental Energy Well Experimental Terrain Scanner Medium Regenerative Plating Heavy Regenerative Plating Improved Force Field Point Defense System Advanced Dynamic Insulation System Advanced Trap Extractor Transdimensional Reconstructor Guided Remote Datajack Enhanced Force Lance [Rating: 204] Favorites ----------- Power Quantum Reactor Engine Ion Engine Power Core Meta Core Reactor Quantum Reactor Propulsion Advanced Myomer Leg Treads Centrium Heavy Treads Leg Advanced Myomer Leg Wheel Subdweller Monowheel Hover Unit Antigrav Array Utility Large Storage Unit Device Experimental Heat Sink Storage Large Storage Unit Processor A0-MCA's Component Scanner Hackware Experimental System Shield Protection Centrium Medium Armor Plating Artifact LC Capacitor Weapon Advanced KE Penetrator Energy Gun Subdweller Laser Energy Cannon Potential Cannon Ballistic Gun Advanced KE Penetrator Ballistic Cannon Battle Cannon Launcher Subdweller Shrapnel Launcher Special Weapon CPS Tube Impact Weapon Heavy Hammer Slashing Weapon Plasma Sword Piercing Weapon Enhanced Force Lance Build | -11 -10 -10 -9 -9 -6 -6 -6 -6 -6 -5 -5 -5 -5 -4 -4 -4 -4 -3 -3 ------- Run | Yrd Mat Sub Rec Scr Fac Ext Cet Arc Hub Fac Upp Upp Zhi Pro Fac Arm Lab Res Tes Slots Evolved 14 | . . . . . 8 . . . . 2 . . . . 2 . . 2 . Power 3 | . . . . . 2 . . . . 1 . . . . . . . . . Propulsion 3 | . . . . . 1 . . . . 1 . . . . . . . 1 . Utility 7 | . . . . . 5 . . . . . . . . . 1 . . 1 . Weapon 1 | . . . . . . . . . . . . . . . 1 . . . . Parts Attached 252 | 7 11 30 1 7 4 26 20 1 14 4 . 1 6 4 11 4 24 18 59 Power 37 | 1 1 5 1 . . 4 3 1 2 2 . . . . 2 3 . 3 9 Engine 11 | 1 1 5 . . . 1 1 . . . . . . . . . . . 2 Core 4 | . . . 1 . . 3 . . . . . . . . . . . . . Reactor 22 | . . . . . . . 2 1 2 2 . . . . 2 3 . 3 7 Propulsion 47 | 2 4 10 . 2 . 5 2 . . . . . 4 . . . 6 4 8 Treads 8 | 2 . 1 . 2 . 1 2 . . . . . . . . . . . . Leg 18 | . . . . . . . . . . . . . 4 . . . 5 4 5 Wheel 20 | . 4 9 . . . 4 . . . . . . . . . . . . 3 Hover 1 | . . . . . . . . . . . . . . . . . 1 . . Flight . | . . . . . . . . . . . . . . . . . . . . Utility 102 | 2 4 2 . 4 4 10 5 . 9 2 . 1 1 2 4 . 12 11 29 Device 53 | 1 1 . . . 3 6 2 . 5 1 . 1 1 1 3 . 5 7 16 Storage 11 | 1 1 . . 2 . . . . . . . . . . . . 1 1 5 Processor 9 | . . . . 1 1 . 1 . 1 1 . . . 1 1 . . . 2 Hackware 3 | . . . . . . . . . . . . . . . . . 2 . 1 Protection 24 | . 2 2 . 1 . 4 2 . 3 . . . . . . . 3 2 5 Artifact 2 | . . . . . . . . . . . . . . . . . 1 1 . Weapon 66 | 2 2 13 . 1 . 7 10 . 3 . . . 1 2 5 1 6 . 13 Energy Gun 8 | 2 . 1 . . . 2 . . . . . . . . . . 2 . 1 Energy Cannon 14 | . . 1 . . . . 1 . . . . . 1 . 2 . 1 . 8 Ballistic Gun 14 | . 2 2 . 1 . 1 5 . 3 . . . . . . . . . . Ballistic Cannon 10 | . . 3 . . . 1 1 . . . . . . 1 1 . 1 . 2 Launcher 7 | . . 6 . . . . . . . . . . . . . . . . 1 Special Weapon 4 | . . . . . . . 3 . . . . . . . . . 1 . . Impact Weapon 2 | . . . . . . 2 . . . . . . . . . . . . . Slashing Weapon 5 | . . . . . . 1 . . . . . . . 1 2 . 1 . . Piercing Weapon 2 | . . . . . . . . . . . . . . . . 1 . . 1 Special Melee Weapon . | . . . . . . . . . . . . . . . . . . . . Unidentified Prototypes 25 | . . . . . . . . . . . . . 1 1 . 2 12 1 8 Parts Lost 48 | . . 2 . . . 4 . . 4 1 . . . . 1 4 2 . 30 Power 11 | . . 1 . . . . . . 1 1 . . . . . 1 1 . 6 Propulsion 10 | . . . . . . 1 . . . . . . . . . . . . 9 Utility 18 | . . 1 . . . 2 . . 2 . . . . . . 2 1 . 10 Weapon 9 | . . . . . . 1 . . 1 . . . . . 1 1 . . 5 Highest Loss Streak 15 | . . 1 . . . 2 . . 2 1 . . . . 1 4 2 . 15 To Critical Strikes 2 | . . . . . . . . . . . . . . . . . . . 2 Average Slot Usage (%) 83 | . 99 99 72 74 64 73 84 88 87 84 84 84 84 89 86 82 81 76 67 Engine 3 | . 14 13 . . . 2 1 . . . . . . . . . . . . Core 4 | . . . 9 10 5 9 5 5 5 5 5 5 5 5 2 . . . . Reactor 5 | . . . . . . . 9 11 11 15 15 15 14 11 11 11 10 13 10 Treads 7 | . 16 6 10 18 11 2 6 11 11 10 10 10 6 . . . . . . Leg 5 | . . . . . . . . . . . . . 7 22 20 21 23 27 21 Wheel 6 | . 10 21 10 1 . 10 4 . . . . . . . . . . . . Device 7 | . 9 . . . 14 14 18 16 15 12 15 15 15 13 13 14 7 3 8 Storage 8 | . 14 14 10 10 5 5 5 5 5 5 5 5 5 5 5 5 5 4 6 Processor 6 | . . . . 4 10 7 8 11 12 12 15 15 15 18 17 15 12 1 1 Protection 8 | . 4 14 10 10 5 8 10 11 11 9 5 5 5 5 5 4 4 3 3 Energy Gun 4 | . 17 4 10 10 5 2 . . . . . . . . . . 1 4 . Energy Cannon 1 | . . 1 . . . . . . . . . . 2 2 5 4 1 4 2 Ballistic Gun 4 | . 10 1 . 8 5 1 10 16 10 10 10 10 5 . . . . . . Ballistic Cannon 3 | . . 12 10 1 . 3 . . . . . . . 1 4 . 3 . . Launcher 1 | . . 7 . . . . . . . . . . . . . . . . . Peak Build Rating 204 | 7 8 15 26 40 58 76 146 147 151 160 153 156 159 149 162 154 176 204 204 Average Rating 86 | 5 7 13 25 31 56 64 122 146 141 158 153 154 152 144 150 142 136 194 152 On Entrance 102 | . 7 8 15 26 38 58 76 146 146 151 153 153 156 149 141 142 113 176 195 Naked Turns . | . . . . . . . . . . . . . . . . . . . . Heaviest Build 155 | 15 52 64 56 56 43 96 109 107 107 114 111 119 127 107 145 136 123 155 151 Greatest Support 170 | 40 40 40 20 44 44 48 160 160 160 160 160 160 160 120 120 120 150 170 168 Greatest Overweight (x) 20 | . 2 5 2 2 . 3 6 . . . . . 2 . 1 1 1 . 20 Average Overweight (x) . | . . 2 2 . . . . . . . . . . . . . . . . Largest Inventory Capacity 20 | 8 20 20 20 20 15 15 15 15 15 15 15 15 15 15 15 15 15 15 15 Average Capacity 15 | 7 12 20 20 14 15 15 15 15 15 15 15 15 15 15 15 15 15 15 14 Most Carried 20 | 2 16 20 19 20 13 15 15 15 15 15 15 15 15 15 15 15 15 15 15 Average Carried 13 | 1 7 18 18 10 11 13 13 14 14 14 15 15 14 14 14 13 13 13 12 Final Capacity 20 | 8 20 20 20 15 15 15 15 15 15 15 15 15 15 15 15 15 15 15 15 Final Carried 19 | 2 15 19 18 12 13 15 14 14 15 15 15 15 15 15 13 12 15 14 7 Class Distribution -------------------- 41% | Mutant 39% | Scavenger-Mutant 3% | Scavenger-Tank 3% | Derelict-Mutant Dominant Class ---------------- Mutant | -10/Materials Mutant | -10/Subcaves Mutant | -9/Recycling Mutant | -9/Scraptown Mutant | -6/Factory Scavenger-Mutant | -6/Extension Scavenger-Mutant | -6/Cetus Scavenger-Tank | -6/Archives Scavenger-Mutant | -6/Hub_04(d) Scavenger-Mutant | -5/Factory Scavenger-Mutant | -5/Upper Caves Scavenger-Mutant | -5/Upper Caves Scavenger-Mutant | -5/Zhirov Scavenger-Mutant | -4/Proximity Caves Scavenger-Tank | -4/Factory Scavenger-Mutant | -4/Armory Scavenger-Mutant | -4/Lab Hacker-Gunner | -3/Research Alien-Mutant | -3/Testing Resources | -11 -10 -10 -9 -9 -6 -6 -6 -6 -6 -5 -5 -5 -5 -4 -4 -4 -4 -3 -3 ----------- Run | Yrd Mat Sub Rec Scr Fac Ext Cet Arc Hub Fac Upp Upp Zhi Pro Fac Arm Lab Res Tes Matter Collected 6698 | 258 90 1265 . 294 . 430 398 226 728 534 147 34 . 369 612 133 86 394 700 Remotely 2113 | . . . . . . 406 398 226 546 . . . . . . . . 282 255 Salvage Created 8989 | 29 532 411 . . . 836 61 413 1231 1252 246 70 . 127 1367 241 86 206 1881 Parts 416 | 4 39 40 . . . 23 14 24 76 51 12 3 . 5 43 10 11 3 58 Haulers Intercepted 2 | . 1 . . . . . . . . . . . . . 1 . . . . Recyclers Shooed 5 | . . . . . . 3 . . . . . . . . 2 . . . . Parts Field Recycled 12 | . . . . . . 12 . . . . . . . . . . . . . Retrieved Matter 52 | . . . . . . 52 . . . . . . . . . . . . . Parts Self-Destructed 30 | . . 14 . . . . . . . . 5 10 . 1 . . . . . Prevented 5 | . . . . . . . . . . . . 1 . 4 . . . . . Kills | -11 -10 -10 -9 -9 -6 -6 -6 -6 -6 -5 -5 -5 -5 -4 -4 -4 -4 -3 -3 ------- Run | Yrd Mat Sub Rec Scr Fac Ext Cet Arc Hub Fac Upp Upp Zhi Pro Fac Arm Lab Res Tes Combat Hostiles Destroyed 152 | . 9 21 . . . 7 3 4 18 18 8 1 . 6 12 3 1 4 37 Melee 8 | . . . . . . . . . . . . . . . . 1 1 . 6 Guns 64 | . 8 1 . . . 3 3 4 18 18 8 1 . . . . . . . Cannons 33 | . . 5 . . . 4 . . . . . . . 5 6 . . 1 12 AOE 28 | . . 15 . . . . . . . . . . . . . . . 2 11 Classes Destroyed 24 | 1 6 2 . . . 3 . 1 3 1 . . . 1 . . . 1 5 Worker 4 | . 1 . . . . . . . 1 1 . . . . . . . . 1 Builder 10 | . 3 . . . . 2 . . . 3 . . . . . . . . 2 Tunneler 1 | 1 . . . . . . . . . . . . . . . . . . . Hauler 2 | . 1 . . . . . . . . . . . . . 1 . . . . Recycler 9 | . . . . . . 4 . . . . . . . . 2 . . . 3 Mechanic 1 | . . . . . . . . . . . . . . . . . . . 1 Operator 6 | . . . . . . . . 3 1 . . . . . 1 . . . 1 Drone 2 | . . . . . . . . . . . . . . 2 . . . . . Turret 2 | . . 2 . . . . . . . . . . . . . . . . . Watcher 13 | . 2 . . . . 1 1 . 4 1 . . . . 2 1 . . 1 Swarmer 30 | . 3 9 . . . . . . 3 . 4 . . 4 . 1 . . 6 Grunt 41 | . 6 . . . . 2 . . 1 10 . 1 . . 7 . . 2 12 Brawler 2 | . . . . . . . . . . 1 . . . . . . . . 1 Duelist 1 | . . . . . . . . . . . . . . . . . . . 1 Protector 1 | . . . . . . . . . 1 . . . . . . . . . . Researcher 2 | . . . . . . . . . . . . . . . . . . . 2 Sentry 20 | . . . . . . 3 . 4 5 2 . . . . 5 1 . . . Specialist 6 | . . . . . . . . . 2 . . . . . . 1 . . 3 Hunter 7 | . . . . . . 2 . . 2 1 . . . . . . . . 2 Programmer 13 | . . . . . . . . . 1 4 . . . . . . . . 8 Behemoth 1 | . . . . . . . . . . . . . . . . . . 1 . Cetus Guard 3 | . . . . . . . 3 . . . . . . . . . . . . Lightning 3 | . . . . . . . . . 3 . . . . . . . . . . Tracker 1 | . . . . . . . . . . . . . . . . . . 1 . Striker 2 | . . . . . . . . . . . . . . . . . . . 2 Alpha 7 1 | . . . . . . . . . . . . . . . . . . . 1 Protovariant Y 1 | . . . . . . . . . . . . . . . . . . . 1 Subdweller 12 | . . 12 . . . . . . . . . . . . . . . . . Decomposer 1 | . . . . . . . . . . . 1 . . . . . . . . Wasp 3 | . . . . . . . . . . . 3 . . . . . . . . Thug 1 | . . . . . . . . . . . 1 . . . . . . . . Best Kill Streak 11 | 1 3 3 . . . 2 4 6 4 5 4 1 . 2 11 1 1 2 10 Combat Bots Only 10 | . 3 3 . . . 2 3 2 3 5 4 1 . 2 8 1 1 2 10 Max Kills in Single Turn 2 | 1 1 2 . . . 1 2 2 2 2 2 1 . 1 1 1 1 1 2 Gunslinging 1 | . . . . . . . 1 . 1 . 1 . . . . . . . . Exploded 2 | . . 2 . . . . . . . . . . . . . . . 1 2 Melee 1 | . . . . . . . . . . . . . . . . 1 1 . 1 Uniques/NPCs Destroyed 1 | . . . . . . . . . . . . . . . . . 1 . . A5 (-4/Lab) Combat | -11 -10 -10 -9 -9 -6 -6 -6 -6 -6 -5 -5 -5 -5 -4 -4 -4 -4 -3 -3 -------- Run | Yrd Mat Sub Rec Scr Fac Ext Cet Arc Hub Fac Upp Upp Zhi Pro Fac Arm Lab Res Tes Hostile Shots Fired 1453 | . 55 38 . . . 162 79 14 165 107 33 6 . 16 104 83 21 43 527 Missed 476 | . 15 9 . . . 62 22 6 54 46 15 2 . 10 63 20 5 13 134 Damage Taken 17180 | . 473 728 . . . 1470 967 95 1613 1232 211 58 . 108 691 838 216 584 7896 Core 2019 | . 77 113 . . . 239 82 . 16 42 11 . . 9 65 47 52 18 1248 Absorbed by Shields 2563 | . . . . . . . 591 100 399 5 79 40 . 113 210 350 196 29 451 Reduced by Siege Mode 180 | . . . . . . . . 10 66 84 20 . . . . . . . . Regen/Repaired (Parts) 1308 | . 22 . . . . . . . . . . . . . . . 152 47 1087 Core Remaining (%) 70 | 100 . . . 24 . . . . 60 . . . . 93 . . 77 . . Volleys Fired 554 | 1 48 94 . . . 63 23 18 59 61 12 2 . 25 51 13 4 7 73 Largest 3 | 2 2 2 . . . 2 3 3 2 2 2 2 . 1 1 1 1 2 1 Hottest 240 | 80 80 100 . . . 129 132 105 70 70 70 70 . 70 70 70 200 240 200 Shots Fired 848 | 2 96 115 . . . 93 47 54 116 123 24 4 1 24 51 13 4 8 73 Gun 551 | 2 96 26 . . . 65 35 54 116 123 24 4 1 . . . . 2 3 Cannon 267 | . . 63 . . . 28 8 . . . . . . 24 51 13 4 6 70 Launcher 26 | . . 26 . . . . . . . . . . . . . . . . . Special 4 | . . . . . . . 4 . . . . . . . . . . . . Kinetic 510 | . 30 68 . . . 38 39 54 116 123 24 4 1 1 5 . . . 7 Thermal 166 | . . 38 . . . 55 . . . . . . . . . . 4 6 63 Explosive 9 | . . 9 . . . . . . . . . . . . . . . . . Electromagnetic 159 | 2 66 . . . . . 4 . . . . . . 23 46 13 . 2 3 Robot Hit Streak 17 | 1 15 8 . . . 11 7 15 17 17 10 2 . 3 15 3 . 3 8 Robot Miss Streak 14 | . 5 1 . . . 3 3 2 2 6 4 1 1 10 3 1 . 2 14 Penetration Max 1 | . . . . . . . 1 1 1 1 . . . 1 1 1 . . . Secondary Targets 14 | . . . . . . 1 1 1 5 3 3 . . . . . . . . Max Gunslinging Chain 1 | . . . . . . 1 1 1 1 1 1 . . . . . . . . Shots Hit Robots 538 | 1 55 37 . . . 71 32 41 84 68 16 2 . 6 34 12 11 4 64 Core Hits 298 | 1 22 32 . . . 25 12 21 43 40 10 2 . 3 16 6 5 6 54 Critical Kills 32 | . 1 . . . . . 2 3 10 9 1 . . . 1 . . 1 4 Critical Parts Destroyed 35 | . . . . . . 2 1 5 9 12 2 . . . . . . . 4 Critical Strikes 104 | . 3 . . . . 6 7 9 19 21 3 . . 3 12 5 . 1 15 Burn 1 | . . . . . . 1 . . . . . . . . . . . . . Meltdown 5 | . . . . . . . . . . . . . . . . . . 1 4 Destroy 63 | . 1 . . . . . 4 9 19 21 3 . . . 1 . . . 5 Blast 6 | . . . . . . 3 3 . . . . . . . . . . . . Corrupt 21 | . 2 . . . . . . . . . . . . 3 11 5 . . . Smash 2 | . . . . . . 2 . . . . . . . . . . . . . Impale 6 | . . . . . . . . . . . . . . . . . . . 6 Melee Attacks 120 | . . . . . . 19 . . . . . . . 2 1 5 49 . 44 Impact 18 | . . . . . . 18 . . . . . . . . . . . . . Slashing 10 | . . . . . . 1 . . . . . . . 2 1 . 6 . . Piercing 92 | . . . . . . . . . . . . . . . . 5 43 . 44 Sneak Attacks 7 | . . . . . . 3 . . . . . . . . . . . . 4 Combat Hostiles . | . . . . . . . . . . . . . . . . . . . . Follow-up Attacks 6 | . . . . . . . . . . . . . . . . . 6 . . Damage Inflicted 28373 | 13 779 1779 . . . 2056 926 1257 2043 2326 448 47 . 432 2038 611 749 1291 11578 Guns 8398 | 13 743 65 . . . 964 699 1257 2043 2117 448 47 . . . . . 2 . Cannons 10281 | . . 463 . . . 726 227 . . . . . . 432 2038 487 . 702 5206 Explosions 7257 | . 36 1251 . . . . . . . 209 . . . . . . . 587 5174 Melee 2437 | . . . . . . 366 . . . . . . . . . 124 749 . 1198 Ramming . | . . . . . . . . . . . . . . . . . . . . Kinetic 9125 | . 270 1181 . . . 836 843 1257 2043 2117 448 47 . . 14 . . . 69 Thermal 12595 | . 36 292 . . . 854 . . . . . . . . . . . 1289 10124 Explosive 659 | . . 306 . . . . . . . 166 . . . . . . . . 187 Electromagnetic 3557 | 13 473 . . . . . 83 . . 43 . . . 432 2024 487 . 2 . Impact 366 | . . . . . . 366 . . . . . . . . . . . . . Slashing 283 | . . . . . . . . . . . . . . . . . 283 . . Piercing 1788 | . . . . . . . . . . . . . . . . 124 466 . 1198 Highest Corruption 21 | . . . . . . . . . 9 2 2 2 2 2 . . 1 . 21 Average Corruption 2 | . . . . . . . . . 4 1 2 2 2 2 . . 1 . 3 Corruption Purged . | . . . . . . . . . . . . . . . . . . . . Corruption Blocked . | . . . . . . . . . . . . . . . . . . . . Effects 73 | . . . . . . . . . 16 8 7 4 3 9 . . 2 . 24 Message Errors 17 | . . . . . . . . . 3 2 3 1 1 1 . . . . 6 Matter Fused 15 | . . . . . . . . . 3 3 1 1 . 2 . . 1 . 4 Heat Flow Errors 10 | . . . . . . . . . 1 1 1 1 1 2 . . . . 3 Energy Discharges 8 | . . . . . . . . . 3 . . 1 . 2 . . 1 . 1 Parts Rejected 3 | . . . . . . . . . 1 . . . . . . . . . 2 Parts Fused 1 | . . . . . . . . . . . . . . . . . . . 1 Data Loss (minor) 8 | . . . . . . . . . 2 . 2 . . . . . . . 4 Data Loss (major) 5 | . . . . . . . . . 2 1 . . . 1 . . . . 1 Misfires 2 | . . . . . . . . . . 1 . . 1 . . . . . . Alerts 1 | . . . . . . . . . . . . . . . . . . . 1 Misdirections 1 | . . . . . . . . . . . . . . . . . . . 1 Weapon Failures 2 | . . . . . . . . . 1 . . . . 1 . . . . . Overload Shots . | . . . . . . . . . . . . . . . . . . . . Overflow Damage 3090 | . . 50 . . . 282 . . . . . . . 139 146 . 46 172 2255 Projectiles 1703 | . . . . . . 22 . . . . . . . 139 146 . . 144 1252 Explosions 825 | . . 50 . . . . . . . . . . . . . . . 28 747 Melee 562 | . . . . . . 260 . . . . . . . . . . 46 . 256 Knockbacks 11 | . . 1 . . . 5 . . . . . . . . . . . . 5 Impact 1 | . . . . . . 1 . . . . . . . . . . . . . Kinetic 10 | . . 1 . . . 4 . . . . . . . . . . . . 5 Secondary . | . . . . . . . . . . . . . . . . . . . . Self-Inflicted Damage 858 | . . 100 . . . . . . 199 14 . . . . . . . . 545 Shots 17 | . . 4 . . . . . . 2 1 . . . . . . . . 10 Rammed . | . . . . . . . . . . . . . . . . . . . . Targets Rammed . | . . . . . . . . . . . . . . . . . . . . Kicked . | . . . . . . . . . . . . . . . . . . . . Crushed . | . . . . . . . . . . . . . . . . . . . . Highest Temperature 333 | 18 312 24 . . . 315 131 153 122 129 155 132 83 187 6 267 . 68 333 Average Temperature 76 | 12 75 8 . . . 94 64 66 34 23 86 71 55 98 6 168 . 34 102 Received Heat Transfer 2554 | . 285 42 . . . 210 135 12 74 375 18 18 . . 170 447 . 106 662 Effects 4 | . 2 . . . . 2 . . . . . . . . . . . . . Shutdowns 1 | . . . . . . 1 . . . . . . . . . . . . . Interference 2 | . 1 . . . . 1 . . . . . . . . . . . . . Short Circuit 1 | . 1 . . . . . . . . . . . . . . . . . . Siege Activations 18 | . . . . . . . 1 1 6 7 2 1 . . . . . . . Total Turns 351 | . . . . . . . 12 41 168 103 25 2 . . . . . . . Longest Duration 45 | . . . . . . . 12 41 45 33 17 2 . . . . . . . Robots Corrupted 13 | . 1 . . . . 1 . . . . . . . 1 8 2 . . . Combat Hostiles 10 | . 1 . . . . . . . . . . . . 1 6 2 . . . Parts Fried 39 | . 3 . . . . 8 . . . . . . . 4 19 5 . . . Impact Corruptions 7 | . . . . . . 7 . . . . . . . . . . . . . Robots Melted 9 | . . . . . . . . . . . . . . . . . . 1 8 Combat Hostiles 9 | . . . . . . . . . . . . . . . . . . 1 8 Parts Melted 9 | . . . . . . 2 . . . . . . . . . . . . 7 Heat Transferred 9813 | . . 395 . . . 1388 . . . . . . . . . . . 760 7270 Parts Sabotaged . | . . . . . . . . . . . . . . . . . . . . Parts Stolen . | . . . . . . . . . . . . . . . . . . . . Parts Stripped . | . . . . . . . . . . . . . . . . . . . . Power Chain Reactions 1 | . 1 . . . . . . . . . . . . . . . . . . Alert | -11 -10 -10 -9 -9 -6 -6 -6 -6 -6 -5 -5 -5 -5 -4 -4 -4 -4 -3 -3 ------- Run | Yrd Mat Sub Rec Scr Fac Ext Cet Arc Hub Fac Upp Upp Zhi Pro Fac Arm Lab Res Tes Peak Influence 1400 | 5 218 . 34 . 57 795 700 342 648 533 . . . . 618 454 . 199 1400 Initial 444 | . 3 . 4 . . 27 444 200 119 144 . . . . 300 302 . . 25 Average 389 | 1 114 . 21 . 26 321 540 300 417 284 . . . . 398 361 . 73 886 Maximum Alert Level 4 | . 1 . . . . 3 3 1 2 2 . . . . 2 2 . . 4 Low Security (%) 33 | 100 84 . 100 . 100 20 . 2 11 31 . . . . . . . 100 10 Level 1 28 | . 15 . . . . 56 . 97 29 52 . . . . 57 58 . . 2 Level 2 26 | . . . . . . 15 95 . 59 16 . . . . 42 41 . . 24 Level 3 3 | . . . . . . 7 4 . . . . . . . . . . . 12 Level 4 8 | . . . . . . . . . . . . . . . . . . . 49 Level 5 . | . . . . . . . . . . . . . . . . . . . . High Security . | . . . . . . . . . . . . . . . . . . . . Max Security . | . . . . . . . . . . . . . . . . . . . . Squads Dispatched 30 | . . . . . 1 2 1 . 2 4 . . . . 2 . . 4 14 Investigation 9 | . . . . . 1 2 1 . . 3 . . . . . . . 1 1 Extermination 5 | . . . . . . . . . 1 1 . . . . . . . . 3 Reinforcement 5 | . . . . . . . . . 1 . . . . . 2 . . 2 . Assault 1 | . . . . . . . . . . . . . . . . . . . 1 Garrison 6 | . . . . . . . . . . . . . . . . . . . 6 Intercept 4 | . . . . . . . . . . . . . . . . . . 1 3 Searches Triggered 1 | . . . . . . . . . . . . . . . 1 . . . . Construction Impeded . | . . . . . . . . . . . . . . . . . . . . Haulers Reinforced 1 | . . . . . . . . . . . . . . . 1 . . . . Active Scanning Responses . | . . . . . . . . . . . . . . . . . . . . Cargo Convoy Interrupts . | . . . . . . . . . . . . . . . . . . . . Stealth | -11 -10 -10 -9 -9 -6 -6 -6 -6 -6 -5 -5 -5 -5 -4 -4 -4 -4 -3 -3 --------- Run | Yrd Mat Sub Rec Scr Fac Ext Cet Arc Hub Fac Upp Upp Zhi Pro Fac Arm Lab Res Tes Distress Signals 18 | . 2 . . . . 2 2 2 2 . . . . 2 . 2 . 2 2 Communications Jammed . | . . . . . . . . . . . . . . . . . . . . Distress Signals . | . . . . . . . . . . . . . . . . . . . . Times Spotted 263 | . 18 23 . . . 34 13 11 24 26 8 2 . 8 20 18 1 7 50 Peak Tracking Total 10 | . 3 3 . . . 7 5 2 4 5 4 1 . 3 9 10 1 5 6 Tactical Retreats 14 | . 3 2 . . . 2 . . . . . . . 1 . 2 . . 4 Traps | -11 -10 -10 -9 -9 -6 -6 -6 -6 -6 -5 -5 -5 -5 -4 -4 -4 -4 -3 -3 ------- Run | Yrd Mat Sub Rec Scr Fac Ext Cet Arc Hub Fac Upp Upp Zhi Pro Fac Arm Lab Res Tes Traps Triggered 5 | . . 2 . . . 1 . . 2 . . . . . . . . . . Indirectly . | . . . . . . . . . . . . . . . . . . . . Trap Hack Attempts . | . . . . . . . . . . . . . . . . . . . . Triggered . | . . . . . . . . . . . . . . . . . . . . Disarmed . | . . . . . . . . . . . . . . . . . . . . Reprogrammed . | . . . . . . . . . . . . . . . . . . . . Reused 1 | . . . . . . . . . . . . . . 1 . . . . . Traps Extracted . | . . . . . . . . . . . . . . . . . . . . Installed 1 | . . . . . . . . . . . . . . 1 . . . . . Triggered 4 | . . . . . . . . . . . . 3 . 1 . . . . . Most Traps Carried 1 | . . 1 1 1 1 1 1 1 1 1 1 1 1 1 . . . . . Machines | -11 -10 -10 -9 -9 -6 -6 -6 -6 -6 -5 -5 -5 -5 -4 -4 -4 -4 -3 -3 ---------- Run | Yrd Mat Sub Rec Scr Fac Ext Cet Arc Hub Fac Upp Upp Zhi Pro Fac Arm Lab Res Tes Machines Disabled 64 | . 2 3 . . . 4 . 3 17 8 . . . 1 6 2 5 . 13 Max in Single Turn 4 | . 1 1 . . . 1 . 1 4 3 . . . 1 2 1 2 . 2 Garrison Access 1 | . . . . . . . . . . . . . . . 1 . . . . Network Hub 2 | . . . . . . . . . 2 . . . . . . . . . . Machines Repaired . | . . . . . . . . . . . . . . . . . . . . Machines Dismantled . | . . . . . . . . . . . . . . . . . . . . Machines Sabotaged . | . . . . . . . . . . . . . . . . . . . . Overloaded Fab Kills . | . . . . . . . . . . . . . . . . . . . . Hacking | -11 -10 -10 -9 -9 -6 -6 -6 -6 -6 -5 -5 -5 -5 -4 -4 -4 -4 -3 -3 --------- Run | Yrd Mat Sub Rec Scr Fac Ext Cet Arc Hub Fac Upp Upp Zhi Pro Fac Arm Lab Res Tes Machines Accessed 61 | . 3 2 1 2 4 10 2 . 8 9 1 1 4 1 2 . 3 1 7 Terminals 35 | . 2 . . . 3 9 2 . 8 6 . . . . 1 . . 1 3 Fabricators 1 | . . . . . . . . . . . . . . . . . . . 1 Repair Stations 4 | . 1 . . . . . . . . 1 . . . . . . . . 2 Recycling Units 4 | . . . 1 . 1 1 . . . 1 . . . . . . . . . Scanalyzers 1 | . . . . . . . . . . . . . . . . . . . 1 Garrison Access 2 | . . . . . . . . . . 1 . . . . 1 . . . . Total Hacks 209 | . 10 7 1 5 8 20 3 . 43 38 1 1 17 1 7 . 8 12 27 Successful 116 | . 5 7 1 5 7 5 1 . 18 16 1 1 17 1 2 . 8 6 15 Failed 93 | . 5 . . . 1 15 2 . 25 22 . . . . 5 . . 6 12 Catastrophic 27 | . . . . . . 4 1 . 7 7 . . . . 2 . . 2 4 Database Lockouts . | . . . . . . . . . . . . . . . . . . . . Manual 95 | . 7 . 1 . 6 . . . 29 25 . . . . 4 . 1 10 12 Terminals 138 | . 7 . . . 7 19 3 . 43 28 . . . . 4 . . 12 15 Fabricators 2 | . . . . . . . . . . . . . . . . . . . 2 Repair Stations 13 | . 3 . . . . . . . . 5 . . . . . . . . 5 Recycling Units 4 | . . . 1 . 1 1 . . . 1 . . . . . . . . . Scanalyzers 5 | . . . . . . . . . . . . . . . . . . . 5 Garrison Access 7 | . . . . . . . . . . 4 . . . . 3 . . . . Terminal Hacks 66 | . . 7 . 5 1 4 1 . 10 5 1 1 17 1 . . 8 3 2 Record 26 | . . 6 . 4 . 1 1 . . . . . 5 1 . . 7 . 1 Part Schematic 4 | . . . . . . . . . . . . . 4 . . . . . . Robot Analysis 4 | . . . . . . . . . . . . . 4 . . . . . . Prototype ID Bank 5 | . . . . . . . . . 1 . . . 4 . . . . . . Open Door 6 | . . . . . 1 3 . . . . 1 1 . . . . . . . Level Access Points 2 | . . . . . . . . . 1 . . . . . . . . 1 . Branch Access Points 1 | . . . . . . . . . . . . . . . . . . 1 . Machine Index 1 | . . . . . . . . . . . . . . . . . . . 1 Terminal Index 2 | . . . . . . . . . 1 . . . . . . . . 1 . Alert Level 2 | . . . . . . . . . 1 1 . . . . . . . . . Unreport Threat 5 | . . . . . . . . . 3 2 . . . . . . . . . Patrol Status 1 | . . . . . . . . . . 1 . . . . . . . . . Zone Layout 4 | . . . . . . . . . 3 1 . . . . . . . . . Derelict Proto ID Bank 2 | . . 1 . 1 . . . . . . . . . . . . . . . Release Object 1 | . . . . . . . . . . . . . . . . . 1 . . Fabricator Hacks . | . . . . . . . . . . . . . . . . . . . . Repair Station Hacks 5 | . 2 . . . . . . . . 1 . . . . . . . . 2 Scan Component 3 | . 1 . . . . . . . . 1 . . . . . . . . 1 Repair 2 | . 1 . . . . . . . . . . . . . . . . . 1 Recycling Unit Hacks 1 | . . . . . . 1 . . . . . . . . . . . . . Retrieve Components 1 | . . . . . . 1 . . . . . . . . . . . . . Scanalyzer 3 | . . . . . . . . . . . . . . . . . . . 3 Insert Component 2 | . . . . . . . . . . . . . . . . . . . 2 Analyze 1 | . . . . . . . . . . . . . . . . . . . 1 Garrison Access Hacks 1 | . . . . . . . . . . . . . . . 1 . . . . Seal Access 1 | . . . . . . . . . . . . . . . 1 . . . . Unauthorized Hacks 40 | . 3 . 1 . 6 . . . 8 10 . . . . 1 . . 3 8 Terminals 36 | . 3 . . . 5 . . . 8 9 . . . . 1 . . 3 7 Track 1 | . . . . . . . . . . . . . . . . . . . 1 Botnet 10 | . 1 . . . 2 . . . 2 2 . . . . . . . 1 2 Operators 6 | . 1 . . . 1 . . . 1 1 . . . . . . . 1 1 Skim 19 | . 1 . . . 2 . . . 5 6 . . . . 1 . . 1 3 Fabricators . | . . . . . . . . . . . . . . . . . . . . Repair Stations 1 | . . . . . . . . . . . . . . . . . . . 1 Patch 1 | . . . . . . . . . . . . . . . . . . . 1 Recycling Units 3 | . . . 1 . 1 . . . . 1 . . . . . . . . . Tunnel 3 | . . . 1 . 1 . . . . 1 . . . . . . . . . Scanalyzers . | . . . . . . . . . . . . . . . . . . . . Garrison Access . | . . . . . . . . . . . . . . . . . . . . Data Cores Recovered . | . . . . . . . . . . . . . . . . . . . . Used . | . . . . . . . . . . . . . . . . . . . . Hacking Detections 40 | . 3 . . . 3 7 2 . 8 8 . . . . 1 . . 1 7 Full Trace Events 5 | . . . . . . 2 1 . . 2 . . . . . . . . . Feedback Events 1 | . . . . . . . . . . 1 . . . . . . . . . Corruption 1 | . . . . . . . . . . 1 . . . . . . . . . Feedback Blocked . | . . . . . . . . . . . . . . . . . . . . Robot Schematics Acquired . | . . . . . . . . . . . . . . . . . . . . Robots Built . | . . . . . . . . . . . . . . . . . . . . Authchips . | . . . . . . . . . . . . . . . . . . . . Time . | . . . . . . . . . . . . . . . . . . . . Total Robot Build Rating . | . . . . . . . . . . . . . . . . . . . . Part Schematics Acquired 6 | . . . . . . . . . . . . . 4 . . . . . 2 Parts Built . | . . . . . . . . . . . . . . . . . . . . Authchips . | . . . . . . . . . . . . . . . . . . . . Time . | . . . . . . . . . . . . . . . . . . . . Total Part Build Rating . | . . . . . . . . . . . . . . . . . . . . Parts Repaired 2 | . 1 . . . . . . . . . . . . . . . . . 1 Time 39 | . 26 . . . . . . . . . . . . . . . . . 13 Parts Recycled . | . . . . . . . . . . . . . . . . . . . . Recycled Matter . | . . . . . . . . . . . . . . . . . . . . Retrieved Matter . | . . . . . . . . . . . . . . . . . . . . Retrieved Components 1 | . . . . . . 1 . . . . . . . . . . . . . Parts Scanalyzed 1 | . . . . . . . . . . . . . . . . . . . 1 Part Schematics Acquired 1 | . . . . . . . . . . . . . . . . . . . 1 Parts Damaged 1 | . . . . . . . . . . . . . . . . . . . 1 Bothacking | -11 -10 -10 -9 -9 -6 -6 -6 -6 -6 -5 -5 -5 -5 -4 -4 -4 -4 -3 -3 ------------ Run | Yrd Mat Sub Rec Scr Fac Ext Cet Arc Hub Fac Upp Upp Zhi Pro Fac Arm Lab Res Tes Used RIF Installer . | . . . . . . . . . . . . . . . . . . . . Robots Hacked . | . . . . . . . . . . . . . . . . . . . . Non-combat . | . . . . . . . . . . . . . . . . . . . . Combat . | . . . . . . . . . . . . . . . . . . . . Robot Hacks Applied . | . . . . . . . . . . . . . . . . . . . . Relay Couplers Released . | . . . . . . . . . . . . . . . . . . . . Fabnet Peak Effective % . | . . . . . . . . . . . . . . . . . . . . Robots Rewired 10 | . . . . . . 10 . . . . . . . . . . . . . Allies Hacked . | . . . . . . . . . . . . . . . . . . . . Hacks Repelled . | . . . . . . . . . . . . . . . . . . . . Allies | -11 -10 -10 -9 -9 -6 -6 -6 -6 -6 -5 -5 -5 -5 -4 -4 -4 -4 -3 -3 -------- Run | Yrd Mat Sub Rec Scr Fac Ext Cet Arc Hub Fac Upp Upp Zhi Pro Fac Arm Lab Res Tes Total Allies 13 | . . . . 1 . 12 . . . . . . . . . . . . . Largest Group 10 | . . . . 1 1 10 10 2 . . . . . . . . . . . Highest-Rated Group 341 | . . . . 76 76 341 341 92 . . . . . . . . . . . Highest-Rated Ally 76 | . . . . 76 76 76 76 63 . . . . . . . . . . . Total Orders 2 | . . . . . . . . . . . . . . . . . . . 2 EXPLORE 2 | . . . . . . . . . . . . . . . . . . . 2 Ally Attacks 177 | . . . . . . 91 86 . . . . . . . . . . . . Total Damage 6004 | . . . . . . 3670 2334 . . . . . . . . . . . . Kills 35 | . . . . . . 26 9 . . . . . . . . . . . . Allies Corrupted . | . . . . . . . . . . . . . . . . . . . . Allies Melted . | . . . . . . . . . . . . . . . . . . . . Intel | -11 -10 -10 -9 -9 -6 -6 -6 -6 -6 -5 -5 -5 -5 -4 -4 -4 -4 -3 -3 ------- Run | Yrd Mat Sub Rec Scr Fac Ext Cet Arc Hub Fac Upp Upp Zhi Pro Fac Arm Lab Res Tes Robot Analysis Total 4 | . . . . . . . . . . . . . 4 . . . . . . Derelict Logs Recovered 9 | . . 2 . 3 . . . . . . 1 1 . 2 . . . . . Drone Launches 2 | . . . . . . . . . . . . . . . . . . . 2 Drone Recoveries . | . . . . . . . . . . . . . . . . . . . . Exploration | -11 -10 -10 -9 -9 -6 -6 -6 -6 -6 -5 -5 -5 -5 -4 -4 -4 -4 -3 -3 ------------- Run | Yrd Mat Sub Rec Scr Fac Ext Cet Arc Hub Fac Upp Upp Zhi Pro Fac Arm Lab Res Tes Turns Passed 16902 | 116 908 3242 144 2745 259 1403 628 188 867 1000 734 338 207 801 399 211 749 529 1434 Spaces Moved 9912 | 58 310 2230 110 1847 168 712 251 70 357 471 422 203 132 658 226 142 433 394 718 Core 4 | 3 . . . . . . . . . . . . . . . . . . 1 Treads 3891 | 55 183 . . 1489 168 169 224 70 357 471 422 203 80 . . . . . . Legs 2510 | . . . . . . . . . . . . . 52 658 226 142 433 394 605 Wheels 3507 | . 127 2230 110 358 . 543 27 . . . . . . . . . . . 112 Hover . | . . . . . . . . . . . . . . . . . . . . Flight . | . . . . . . . . . . . . . . . . . . . . Fastest Speed 50 | 50 110 110 130 130 145 115 115 160 160 160 160 160 110 110 110 110 110 113 90 Average Speed 135 | 154 139 129 130 142 145 125 188 160 160 160 160 160 146 110 111 110 126 113 120 Slowest Speed 1050 | 160 160 155 130 152 145 225 240 160 160 160 160 160 240 110 180 180 190 116 1050 Overloaded Moves . | . . . . . . . . . . . . . . . . . . . . Propulsion Burnouts . | . . . . . . . . . . . . . . . . . . . . Robots Hopped . | . . . . . . . . . . . . . . . . . . . . Cave-ins Triggered . | . . . . . . . . . . . . . . . . . . . . Teleports 2 | . . . . . . . . . . . . . . . . 1 . . 1 Exploration Rate (%) 51 | 4 53 97 22 89 6 85 68 80 55 21 63 41 60 81 9 17 99 13 66 Regions Visited 19 Branch Regions 14 Pre-discovered Areas 12 | . . 1 1 . 1 . . . . 4 1 1 3 . . . . . . Known Exits Taken 11 | . . . . . 1 . . . 1 1 1 1 1 1 1 1 1 1 . Unknown Exits Taken 8 | 1 1 1 1 1 . 1 1 1 . . . . . . . . . . . Scrap Searched 27 | . . 9 . 7 . . . . . . 5 3 . 3 . . . . . Spaces Dug 40 | . . 6 . . . 1 . . 2 16 . . . 3 1 . 3 . 8 Terrain Destroyed 1144 | . 3 239 . . . 12 11 13 302 37 12 . . 6 36 . 21 40 412 Melee 15 | . . . . . . 1 . . . . . . . 2 1 . 3 . 8 Projectile 148 | . . 6 . . . 11 11 13 40 28 12 . . 4 2 . 2 1 18 AOE 971 | . 3 233 . . . . . . 261 8 . . . . 33 . 16 39 378 Terrain Rammed . | . . . . . . . . . . . . . . . . . . . . Walls Destroyed . | . . . . . . . . . . . . . . . . . . . . Machines Disabled . | . . . . . . . . . . . . . . . . . . . . Actions | -11 -10 -10 -9 -9 -6 -6 -6 -6 -6 -5 -5 -5 -5 -4 -4 -4 -4 -3 -3 --------- Run | Yrd Mat Sub Rec Scr Fac Ext Cet Arc Hub Fac Upp Upp Zhi Pro Fac Arm Lab Res Tes Total 12287 | 79 690 2461 111 1988 182 1096 367 107 536 597 457 212 147 708 321 173 541 465 1049 Wait 939 | 12 298 59 . 48 7 124 39 11 91 52 24 6 . 10 19 7 8 27 97 Move 9893 | 57 309 2229 109 1846 167 711 250 69 356 470 421 202 131 657 225 141 432 393 718 Hop . | . . . . . . . . . . . . . . . . . . . . Pick Up 146 | 2 15 18 . 38 4 12 12 4 7 5 . . 3 1 5 . 2 2 16 Fast Attach 134 | 7 5 10 . 4 2 14 9 . 6 2 . 1 4 5 5 2 17 11 30 Attach 74 | . 3 3 1 . 2 4 4 . 5 2 . . 3 . 4 3 10 5 25 Detach 60 | . 1 5 . . . 4 4 . 1 . . . 1 2 1 2 14 7 18 Swap 51 | . 3 17 . 3 . 8 7 1 3 . . . . . 2 . . 2 5 Drop 203 | . 8 26 1 49 . 19 19 4 8 5 . 1 5 5 8 . 11 11 23 Fire 554 | 1 48 94 . . . 63 23 18 59 61 12 2 . 25 51 13 4 7 73 Melee 114 | . . . . . . 19 . . . . . . . 2 1 5 43 . 44 Ram . | . . . . . . . . . . . . . . . . . . . . Kick . | . . . . . . . . . . . . . . . . . . . . Crush . | . . . . . . . . . . . . . . . . . . . . Escape Stasis 8 | . . . . . . 8 . . . . . . . . . . . . . Rewire 110 | . . . . . . 110 . . . . . . . . . . . . . Trap 1 | . . . . . . . . . . . . . . 1 . . . . . Miscellaneous . | . . . . . . . . . . . . . . . . . . . . Route ------- -11/Scrapyard -10/Materials (discovered 2 exits: [*Mat] / *Sub) -10/Subcaves (discovered 3 exits: [*Mat x2] / *Rec) -9/Recycling -9/Scraptown (discovered 2 exits: *Fac x2) -6/Factory -6/Extension (discovered 3 exits: *Fac x2 / *Cet) -6/Cetus (discovered 2 exits: *Fac / *Arc) -6/Archives (discovered 3 exits: *Fac / *Hub x2) -6/Hub_04(d) (discovered 4 exits: *Fac x4) -5/Factory (discovered 6 exits: Fac x4 / *Upp x2) -5/Upper Caves -5/Upper Caves -5/Zhirov -4/Proximity Caves -4/Factory -4/Armory -4/Lab -3/Research (discovered 5 exits: Res x3 / *Tes x2) -3/Testing History --------- Turn | Location | Event 11 | -11/Scrapyard | Discovered new exit (range 15) 117 | -11/Scrapyard | Entered Materials 325 | -10/Materials | Build established: Mutant 754 | -10/Materials | Repaired Wheel 842 | -10/Materials | Discovered new exit (range 16) 1007 | -10/Materials | Discovered new exit (range 6) 1025 | -10/Materials | Entered Subcaves 1138 | -10/Subcaves | Discovered new exit (range 9) 1142 | -10/Subcaves | Shifting Twisted Machinery released Sub. Beam Cannon 1180 | -10/Subcaves | Shifting Twisted Machinery released Piercing Trap 1218 | -10/Subcaves | Ambushed by Subdweller buried in earth 1242 | -10/Subcaves | Discovered new exit (range 13) 1286 | -10/Subcaves | Shifting Twisted Machinery released Sub. Shrapnel Launcher 1318 | -10/Subcaves | Learned Materials stockpile data 1476 | -10/Subcaves | Disturbed a concealed Subdweller 1896 | -10/Subcaves | Core integrity fell below 50% 2070 | -10/Subcaves | Visited Clippyterm 2074 | -10/Subcaves | Learned Factory fabricator intel 2074 | -10/Subcaves | Learned Factory stockpile data 2096 | -10/Subcaves | Shifting Twisted Machinery released Battle Cannon 2105 | -10/Subcaves | Shifting Twisted Machinery released Battle Cannon 2691 | -10/Subcaves | Build established: Derelict-Mutant 2885 | -10/Subcaves | A swath of the cavern ceiling suddenly collapsed 3213 | -10/Subcaves | Build established: Mutant 3449 | -10/Subcaves | Visited 4L-MR0's lab 3462 | -10/Subcaves | Found Meta Core 3613 | -10/Subcaves | Learned location of Recycling (-9) 3621 | -10/Subcaves | Discovered new exit (range 11) 4267 | -10/Subcaves | Entered Recycling 4279 | -9/Recycling | Attached Meta Core, gained temporary slots: Propulsion, Utility, Weapon 4381 | -9/Recycling | Scanned before Scraplab entrance 4399 | -9/Recycling | Entered Scraplab 4409 | -9/Recycling | Discovered new exit (range 2) 4411 | -9/Recycling | Entered Scraptown 4597 | -9/Scraptown | Visited UFD Registry 4616 | -9/Scraptown | Visited Awakened 4661 | -9/Scraptown | Visited Assassins FH 4681 | -9/Scraptown | Visited Comm Corps 4750 | -9/Scraptown | Scanned Subdweller tech in exchange for log data 4753 | -9/Scraptown | Learned Research security intel 4755 | -9/Scraptown | Learned location of 1 exit from Research 4756 | -9/Scraptown | Learned 12 Research zone layouts 4772 | -9/Scraptown | Discovered new exit (range 11) 5102 | -9/Scraptown | Visited Red Mages 5172 | -9/Scraptown | Visited Cyclists 5195 | -9/Scraptown | Visited Shadow of the Wyrm 5232 | -9/Scraptown | Visited Cave Peace 5276 | -9/Scraptown | Registered with UFD as "Powercase" 5308 | -9/Scraptown | Visited LU-1G1's Boring Crew 5366 | -9/Scraptown | Visited Botcube Research 5389 | -9/Scraptown | Found Lrg. Botcube 5422 | -9/Scraptown | Visited Science Guys 5653 | -9/Scraptown | Visited Junk Repository 5680 | -9/Scraptown | Visited Infowarlord's Domain 5690 | -9/Scraptown | Found Exp. Terrain Scanner 5719 | -9/Scraptown | Visited Abandonware Association 5733 | -9/Scraptown | Learned abandonware demo "REVENGE.EXE" 5768 | -9/Scraptown | Visited Science Testing Area 5791 | -9/Scraptown | Visited A0-MCA Data Center 5800 | -9/Scraptown | Given an A- rating by A0-MCA 5802 | -9/Scraptown | Found A0-MCA's Component Scanner 5949 | -9/Scraptown | Visited DA-N13 Charitable Foundation 5955 | -9/Scraptown | Found DCF Scrap (27 items) 6810 | -9/Scraptown | Lrg. Botcube activated 6848 | -9/Scraptown | Lrg. Botcube completed mutation into treaded form, armed with 4 launchers. 7076 | -9/Scraptown | Found Scrap Suit 7078 | -9/Scraptown | Found Scrap Suit 7140 | -9/Scraptown | Discovered new exit (range 3) 7156 | -9/Scraptown | Entered Factory 7156 | -6/Factory | Accompanied by 1 ally 7156 | -6/Factory | Evolved 8 slots: Power x2, Propulsion x1, Utility x5 7158 | -6/Factory | Loaded intel: 6 fabricator locations 7409 | -6/Factory | Discovered new exit (range 6) 7413 | -6/Factory | Identified exit to Extension 7415 | -6/Factory | Entered Extension 7415 | -6/Extension | Accompanied by 1 ally 7418 | -6/Extension | Disrupted transfer network 7710 | -6/Extension | Spotted B-75 Beast 7727 | -6/Extension | Allies destroyed B-75 Beast 7743 | -6/Extension | Spotted B-75 Beast 7764 | -6/Extension | Allies destroyed B-75 Beast 7785 | -6/Extension | Discovered new exit (range 4) 7967 | -6/Extension | Rescued a captive Derelict 8141 | -6/Extension | Build established: Scavenger-Mutant 8219 | -6/Extension | Rescued a captive Derelict 8773 | -6/Extension | Discovered new exit (range 10) 8778 | -6/Extension | Discovered new exit (range 6) 8818 | -6/Extension | Entered Cetus 8818 | -6/Cetus | Accompanied by 10 allies 8843 | -6/Cetus | Spotted Cetus Guard 8843 | -6/Cetus | Spotted Cetus Guard 8846 | -6/Cetus | Spotted Cetus Guard 8850 | -6/Cetus | Spotted Cetus Guard 8854 | -6/Cetus | Allies destroyed Cetus Guard 8857 | -6/Cetus | Allies destroyed Cetus Guard 8866 | -6/Cetus | Allies destroyed Cetus Guard 8867 | -6/Cetus | Allies destroyed Cetus Guard 8894 | -6/Cetus | Lost 4 allies 9096 | -6/Cetus | Discovered new exit (range 15) 9143 | -6/Cetus | Spotted Cetus Guard 9143 | -6/Cetus | Spotted Cetus Guard 9147 | -6/Cetus | Spotted Cetus Guard 9150 | -6/Cetus | Spotted Cetus Guard 9180 | -6/Cetus | Destroyed Cetus Guard 9180 | -6/Cetus | Destroyed Cetus Guard 9183 | -6/Cetus | Destroyed Cetus Guard 9200 | -6/Cetus | Discovered new exit (range 16) 9219 | -6/Cetus | Met Revision 17 9446 | -6/Cetus | Entered Archives 9446 | -6/Archives | Accompanied by 2 allies 9472 | -6/Archives | Build established: Scavenger-Tank 9557 | -6/Archives | Discovered new exit (range 14) 9578 | -6/Archives | Unable to access archive contents 9584 | -6/Archives | Discovered new exit (range 14) 9599 | -6/Archives | Discovered new exit (range 15) 9634 | -6/Archives | Entered Hub_04(d) 9730 | -6/Hub_04(d) | Network Hub disabled 9791 | -6/Hub_04(d) | Identified exit to Factory 9932 | -6/Hub_04(d) | Build established: Scavenger-Mutant 10093 | -6/Hub_04(d) | Spotted Lightning 10095 | -6/Hub_04(d) | Spotted Lightning 10095 | -6/Hub_04(d) | Spotted Lightning 10097 | -6/Hub_04(d) | Disrupted transfer network 10104 | -6/Hub_04(d) | Destroyed Lightning 10104 | -6/Hub_04(d) | Destroyed Lightning 10142 | -6/Hub_04(d) | Destroyed Lightning 10179 | -6/Hub_04(d) | Found Exp. Phase Shifter 10184 | -6/Hub_04(d) | Found EMDS 10196 | -6/Hub_04(d) | Found EMDS 10223 | -6/Hub_04(d) | Network Hub disabled 10501 | -6/Hub_04(d) | Entered Factory 10501 | -5/Factory | Evolved 2 slots: Power x1, Propulsion x1 11059 | -5/Factory | Learned Extension trap positions 11092 | -5/Factory | Learned location of Upper Caves (-5) 11114 | -5/Factory | Learned Quarantine emergency access door positions 11124 | -5/Factory | Identified exit to Factory 11125 | -5/Factory | Identified exit to Upper Caves 11126 | -5/Factory | Learned location of 1 exit from Armory 11128 | -5/Factory | Learned location of Proximity Caves (-4) 11129 | -5/Factory | Learned location of Upper Caves (-5) 11138 | -5/Factory | Learned 8 Research zone layouts 11501 | -5/Factory | Entered Upper Caves 11559 | -5/Upper Caves | Learned location of Armory (-4) 11686 | -5/Upper Caves | Encountered a Warlord checkpoint 12147 | -5/Upper Caves | Ambushed by wild Derelicts 12200 | -5/Upper Caves | Discovered new exit (range 4) 12205 | -5/Upper Caves | Identified exit to Upper Caves 12235 | -5/Upper Caves | Entered another Upper Caves area 12513 | -5/Upper Caves | Spotted B-75 Beast 12566 | -5/Upper Caves | Discovered new exit (range 4) 12571 | -5/Upper Caves | Identified exit to Zhirov 12573 | -5/Upper Caves | Entered Zhirov 12573 | -5/Zhirov | Discovered new exit (range 3) 12602 | -5/Zhirov | Met Zhirov 12631 | -5/Zhirov | Learned location of Quarantine (-2) 12631 | -5/Zhirov | Learned location of Testing (-3) 12631 | -5/Zhirov | Learned location of Command (-1) 12645 | -5/Zhirov | Zhirov requested help retrieving the SGEMP Prototype 12670 | -5/Zhirov | Found Alien Artifact 12670 | -5/Zhirov | Identified Integrated Dissipator 12670 | -5/Zhirov | Installed Integrated Dissipator, increased core heat dissipation (+20) 12694 | -5/Zhirov | Found Alien Artifact 12779 | -5/Zhirov | Identified exit to Proximity Caves 12780 | -5/Zhirov | Entered Proximity Caves 12855 | -4/Proximity Caves | Spotter reported a threat 12903 | -4/Proximity Caves | Found Alien Artifact 12903 | -4/Proximity Caves | Identified Dimensional Node Initializer 12903 | -4/Proximity Caves | Initialized slip node 13120 | -4/Proximity Caves | Spotter reported a threat 13350 | -4/Proximity Caves | Learned location of 1 exit from Research 13581 | -4/Proximity Caves | Entered Factory 13581 | -4/Factory | Evolved 2 slots: Utility x1, Weapon x1 13582 | -4/Factory | Identified exit to Armory 13831 | -4/Factory | Search patrols dispatched 13979 | -4/Factory | Destroyed 8 combat bots 13980 | -4/Factory | Entered Armory 13981 | -4/Armory | Met VL-GR5, who suggested a friendly competition 13981 | -4/Armory | Identified exit to Lab 14076 | -4/Armory | Spotted B-86 Titan 14138 | -4/Armory | Found Prototype Reactor 14138 | -4/Armory | Identified Zero-point Reactor 14190 | -4/Armory | Identified Transdimensional Reconstructor 14190 | -4/Armory | Warped through subspace to slip node 14191 | -4/Armory | Entered Lab 14191 | -4/Lab | Discovered new exit (range 9) 14199 | -4/Lab | Identified exit to Research 14207 | -4/Lab | Unable to decrypt terminal 14207 | -4/Lab | Opened the door to a hidden lab 14208 | -4/Lab | Gained access to the hidden lab's interior 14211 | -4/Lab | Unable to decrypt terminal 14217 | -4/Lab | Lost 4 parts (1p2u1w) 14218 | -4/Lab | Found Alien Artifact 14218 | -4/Lab | Identified Core Reset Matrix 14218 | -4/Lab | Used Core Reset Matrix 14222 | -4/Lab | Sensed 3 artifacts in vicinity 14225 | -4/Lab | Unable to decrypt terminal 14225 | -4/Lab | Detected by scanners 14227 | -4/Lab | Discovered exit to Research (range 7) 14234 | -4/Lab | Confronted by A5 14259 | -4/Lab | Destroyed A5 14274 | -4/Lab | Found Prototype Protection 14274 | -4/Lab | Identified Med. Regenerative Plating 14299 | -4/Lab | Found Prototype Hackware 14299 | -4/Lab | Identified Exp. System Shield 14345 | -4/Lab | Found Prototype Special Weapon 14345 | -4/Lab | Identified Gui. Remote Datajack 14372 | -4/Lab | Unable to decrypt terminal 14460 | -4/Lab | Found Core Expander 14460 | -4/Lab | Installed Core Expander, added new Propulsion slot 14472 | -4/Lab | Found Integrated Reactor 14472 | -4/Lab | Installed Integrated Reactor, increased core energy generation (+10) 14484 | -4/Lab | Found Transdimensional Reconstructor 14773 | -4/Lab | Found Prototype Energy Cannon 14773 | -4/Lab | Identified Potential Cannon 14777 | -4/Lab | Found Prototype Energy Gun 14777 | -4/Lab | Identified Hyp. EM Gauss Rifle 14782 | -4/Lab | Found Prototype Protection 14782 | -4/Lab | Identified Hvy. Regenerative Plating 14787 | -4/Lab | Found Prototype Hackware 14787 | -4/Lab | Identified Deep Network Scanner 14871 | -4/Lab | Unable to decrypt terminal 14873 | -4/Lab | Found LC Capacitor 14940 | -4/Lab | Entered Research 14940 | -3/Research | Evolved 2 slots: Propulsion x1, Utility x1 14994 | -3/Research | Spotted B-86 Titan 15013 | -3/Research | Destroyed B-86 Titan 15113 | -3/Research | Build established: Hacker-Gunner 15140 | -3/Research | Revision forces began assault on 0b10 15198 | -3/Research | Identified exit to Testing 15198 | -3/Research | Identified exit to Research 15213 | -3/Research | Met up with Revision 17++ 15339 | -3/Research | Intercept squad dispatched 15370 | -3/Research | Destroyed Tracker 15469 | -3/Research | Entered Testing 15582 | -3/Testing | Found Potential Cannon 15615 | -3/Testing | Spotted Striker 15649 | -3/Testing | Destroyed Striker 15656 | -3/Testing | Destroyed Striker 15686 | -3/Testing | Destroyed Alpha 7 15735 | -3/Testing | Stole the SGEMP Prototype 15962 | -3/Testing | Spotted PY-E8YEQF0PSM 15974 | -3/Testing | Garrison activated, responded to threat 15977 | -3/Testing | Destroyed PY-E8YEQF0PSM 16049 | -3/Testing | Lost 5 parts (2p2u1w) 16069 | -3/Testing | Destroyed 9 combat bots 16255 | -3/Testing | Destroyed 10 combat bots 16260 | -3/Testing | First assault squad dispatched 16305 | -3/Testing | Found Prototype Energy Cannon 16305 | -3/Testing | Identified Disintegrator 16356 | -3/Testing | Build established: Alien-Mutant 16361 | -3/Testing | Found Prototype Device 16361 | -3/Testing | Identified AEGIS Remote Shield 16477 | -3/Testing | Repaired Lrg. Storage Unit 16499 | -3/Testing | Found Unknown Device 16499 | -3/Testing | Identified Launcher Loader 16523 | -3/Testing | Found Unknown Launcher 16523 | -3/Testing | Identified Gamma Bomb Array 16561 | -3/Testing | Found Prototype Ballistic Cannon 16561 | -3/Testing | Identified Perforator 16577 | -3/Testing | Found Prototype Hackware 16577 | -3/Testing | Identified Exp. Hacking Suite 16653 | -3/Testing | Intercept squad dispatched 16655 | -3/Testing | Spotted Tracker 16656 | -3/Testing | Spotted Tracker 16695 | -3/Testing | Garrison activated, responded to threat 16700 | -3/Testing | Spotted Combat Programmer 16701 | -3/Testing | Spotted Combat Programmer 16729 | -3/Testing | Core integrity fell below 50% 16732 | -3/Testing | System corruption reached 10% 16734 | -3/Testing | Warped through subspace 16764 | -3/Testing | Lost 15 parts (2p6n4u3w) 16868 | -3/Testing | Core integrity fell below 20% 16886 | -3/Testing | Lost 3 parts (1p2u) 16903 | -3/Testing | Destroyed by P-80 Master with Gamma Rifle Last Messages --------------- 16855_ Exp. Energy Well destroyed. 16859_ Acquired Unknown Protection. 16859_ Identified Imp. Power Shielding. 16860_ Dropped Imp. Power Shielding. 16862_ P-80 Master resets P-80 Master, system corruption cleaned. 16865_ Acquired Unknown Reactor. 16865_ Identified Particle Reactor. 16879_ Beam penetrates P-80 Master. 16881_ System corrupted: IFF burst signal emitted. 16881_ K-01 Serf collects debris. 16887_ Beam penetrates P-80 Master. 16895_ Disintegrator destroyed. 16896_ System corrupted: Hdn. Centrium Wheel rejected. 16896_ Acquired Hdn. Centrium Wheel. 16898_ HV-EM Slug penetrates P-80 Master. 16898_ HV-EM Slug penetrates Wall. 16902_ HV-EM Slug penetrates P-80 Master. Map ----- +----------------------------------------------------+ | #?????# #########"####### """"" """""######### | | #?????# #?# ###### # " #??# | | #?????# #?# ] "" # # ## # % #??# | | #?????# #?# """# # #### "" """ #??# | | #?????# ### ! R"# # #### " " """" #??# | | ##+####### + """# + + """ """ #??# | | ?# # ### ! # ###### #??## | | ?# """ " #?# | # ! #????# #???# | | ?# "! !# #?# + !#????# #??## | | ?# """ # #?# # #????# #??#" | | ?# # #######+#########????# #??## | | ?# " + ######### ###"" | | ?# """ # + # | | ?# """ # #### #############+#+###### | | ?# """ # ####+###### ""G"" #???# "" | | ?# # [## # "" "" ###"" " | | ?# # """ ## # + "" | | ??+####### """ ## ; !!! ##### | | ?????????# """ ## " !! #???# " | | ?????????# """ ## # !! ###?# | | ?????????# """ ## # "#?# | | ??????? """ # / ""#?# | | +????? ?""" # # ""#?# | | #???? ??? # # T#?##+## | | +???? ????? #####p#### "#??# #? | | #???#######?### #???#@#??# ""#??# #? | | #??????? ? # #???# #??# "#### ## | | #?????? ? # #####p#### ### | | #?????? # ^ | | | ###????? # % !| | | #????? # ! | | #???? [# % | | ####? ## ############+#+####+##### | | = ## ?# #???# "#####+### | | = #[ ?# #???# " # | | %*=""""########## ##### " # """ | | != *% + " ### """ | | * ="""## ###+##+###### """" #?# """ | | ## #?# # """"" #?# | | ### #?# " """"""""" #?# """ | | #####?#####?# # """ #?# """ | | ##???????????# ! # #?# """ | | ?????????????###########"################?# | | ???????????????????????###????????????????######## | | ?????????????????????????????????????????????????? | | ?????????????????????????????????????????????????? | | ?????????????????????????????????????????????????? | | ?????????????????????????????????????????????????? | | ?????????????????????????????????????????????????? | | ?????????????????????????????????????????????????? | +----------------------------------------------------+ Best States ------------- Heat Dissipation 156 Energy Generation 95 Energy Capacity 1100 Matter Stores 300 Matter Capacity 300 Sight Range 16 Robot Scan Range 16 Terrain Scan Range 14 Terrain Scan Density 10 Base Temperature (-) 150 EM Shielding 4 Armor Coverage 1350 Core Shielding 40 Power Shielding 66 Phase Shifting 20 Evasion (%) 75 Targeting Accuracy 5 Target Analysis 12 Core Analysis 6 Recoil Reduction 4 Matter Filtering 50 Offensive Hacking 25 Defensive Hacking 16 Item Schematics ----------------- Exp. Utility Shielding | -3/Testing | Archive Zero-point Reactor | -3/Testing | Scanalyzed Robot Schematics ------------------ None Fabricated ------------ Nothing Alien Tech Used ----------------- Integrated Dissipator Dimensional Node Initializer Transdimensional Reconstructor Core Reset Matrix Core Expander Integrated Reactor LC Capacitor Achievements -------------- None Challenges ------------ None Game ------ Seed DisposableAntimatterModule Manual? 0 Play Time 02:56:52 Cumulative 337.3 hours Start 2024.09.07 @ 14:36:46 End 2024.09.07 @ 21:29:25 Sessions 3 Manual Loads 0 Difficulty Rogue Special Mode None Game No. 343 Rogue 338 Adventurer 5 Explorer 0 Win Type - Total 5 Types 4/0/0/1/0/0/0/0/0 Lore% 76 Gallery% 83 Achievement% 67 Wizard Run 0 Options --------- Layout 1 ASCII 0 Keyboard 0 Movement Arrows Keybinds 0 Fullscreen 1 Font 24/Terminus Map View 50x35 Zoom Use 0% Tactical HUD 1 Map Filters NONE Filters NONE Steam 1 RUN: bb30e03a-4874-45e0-9a52-2053fccdfe8c